Devils vs Rivermen

Created - Thursday, November 20, 2014 at 21:29

Goals
1 2 3 T
Devils 3 2 1 6
Rivermen 1 1 1 3
Shots
1 2 3 T
Devils 3 4 6 13
Rivermen 17 6 11 34

1st period

1. Devils , Rod Pelley 4 (Matthew Ford, Darroll Powe) at 0:08
2. Devils , Sean Collins 2 (Pascal Pelletier) at 0:47
3. Devils , Matthew Ford 2 (Zach O'Brien, Jordan Martinook) at 6:37
4. Rivermen , Anton Belov 9 (Joe Whitney, Ryan Reaves) at 9:04 (PP)

Penalties :
Chris Brown (Peo) for Fighting (Major) at 3:29, Rod Pelley (LOW) for Fighting (Major) at 3:29, Chris Brown (Peo) for instigated a fight (Minor) at 3:29, Chris Brown (Peo) for instigated a fight (10 Minutes Misconduct) at 3:29, Rod Pelley (LOW) for Slashing (Minor) at 8:42, Pascal Pelletier (LOW) for Interference (Minor) at 11:59

2nd period

5. Devils , Darroll Powe 4 (Rod Pelley) at 2:10
6. Devils , Pascal Pelletier 7 (Sean Collins) at 8:17
7. Rivermen , Jeremy Morin 8 (Ryan Ellis) at 8:47

Penalties :
Chris Wideman (LOW) for Hooking (Minor) at 17:12

3rd period

8. Rivermen , Anton Belov 10 (Ryan Reaves, Joakim Nordstrom) at 6:14 (PP)
9. Devils , Chris Wideman 1 (Pascal Pelletier, Sean Collins) at 11:41 (PP)

Penalties :
Rob Davison (Peo) for Fighting (Major) at 2:34, Gabriel Beaupre (LOW) for Fighting (Major) at 2:34, Darroll Powe (LOW) for Interference (Minor) at 5:33, Chris Wideman (LOW) for Roughing (Minor) at 7:01, Rob Davison (Peo) for Tripping (Minor) at 11:38, Ryan Ellis (Peo) for Cross-checking (Minor) at 12:36

Goalie Stats

Robert Mayer (LOW), 31 saves from 34 shots - (0.912), W, 5-7-3, 60:00 minutes
Farm Player87 (Peo), 0 saves from 4 shots - (0.000), L, 0-1-0, 22:10 minutes
Tyler Bunz (Peo), 7 saves from 9 shots - (0.778), 37:50 minutes

Players Stats for Devils

Player Name              G  A  P  +/- PIM S  H  SB GA TA FO     MP     PP MP  PK MP  
------------------------------------------------------------------------------------
Braden Lamb              0  0  0   1  0   0  0  1  0  2  0/0    24:24   2:01   1:39 
Brendan Shinnimin        0  0  0   1  0   1  3  0  2  1  8/11   23:52   2:17   3:08 
Chris Wideman            1  0  1   2  4   1  2  1  0  1  0/0    24:16   2:00   2:30 
Colin Miller             0  0  0   3  0   0  0  1  0  2  0/0    30:20   2:00   5:54 
Curtis Hamilton          0  0  0   0  0   0  0  0  0  0  0/0     4:12   0:00   2:41 
Darroll Powe             1  1  2   2  2   4  0  0  1  1  5/11   23:57   2:17   3:06 
Drew MacKenzie           0  0  0   0  0   0  0  0  0  0  0/0     0:00   0:00   0:00 
Gabriel Beaupre          0  0  0   1  5   0  1  0  0  1  0/0    14:09   0:00   0:38 
Jordan Martinook         0  1  1   0  0   0  1  1  2  2  3/4    16:46   0:00   2:41 
Matthew Ford             1  1  2   2  0   2  0  1  0  0  1/3    16:54   0:40   0:00 
Pascal Pelletier         1  2  3   2  2   2  0  1  6  1  8/11   20:41   1:44   1:09 
Rod Pelley               1  1  2   2  7   1  1  0  3  0  1/3    21:44   1:07   1:15 
Scooter Vaughan          0  0  0   1  0   0  1  1  1  1  0/0    27:12   2:01   3:23 
Sean Collins             1  2  3   2  0   2  1  0  3  0  1/1    16:10   1:44   0:00 
Sergey Andronov          0  0  0   1  0   0  1  0  0  1  0/0    10:03   0:00   0:00 
Tom Kuhnhackl            0  0  0   0  0   0  0  0  0  0  0/0     0:00   0:00   0:00 
Yanni Gourde             0  0  0   0  0   0  0  0  0  0  0/0     0:00   0:00   0:00 
Zach O'Brien             0  1  1   0  0   0  1  0  5  0  2/2    18:17   2:14   0:00 

Players Stats for Rivermen

Player Name              G  A  P  +/- PIM S  H  SB GA TA FO     MP     PP MP  PK MP  
------------------------------------------------------------------------------------
Anton Belov              2  0  2  -1  0   9  4  0  1  3  0/0    20:05   3:21   1:25 
Brian Gibbons            0  0  0  -2  0   2  1  1  4  1  5/12   18:27   3:45   2:36 
Brian O'Neill            0  0  0   0  0   0  0  0  1  0  1/1    14:45   0:00   0:39 
Chris Brown              0  0  0   0  17  1  0  0  1  0  0/2     6:09   0:00   0:00 
Cody Goloubef            0  0  0  -2  0   0  0  1  0  1  0/0    14:46   0:00   0:53 
Corey Potter             0  0  0  -1  0   1  2  2  1  2  0/0    21:17   3:39   2:36 
Evan Rankin              0  0  0   0  0   0  0  0  0  1  0/0     7:40   0:00   0:00 
J.T. Brown               0  0  0  -2  0   0  1  0  0  0  4/9    22:19   3:25   2:34 
Jeremy Morin             1  0  1   0  0   4  1  0  4  0  0/0    14:24   0:00   0:00 
Joakim Nordstrom         0  1  1  -2  0   5  2  0  4  0  4/13   19:28   3:15   0:00 
Joe Whitney              0  1  1  -2  0   2  3  0  0  2  1/1    20:46   3:15   0:37 
Mark Stone               0  0  0  -2  0   2  1  0  1  0  0/0    16:17   3:45   0:48 
Maxime Fortunus          0  0  0   0  0   0  1  0  0  0  0/0     5:37   0:00   0:00 
Rob Davison              0  0  0  -2  7   1  0  0  0  2  0/0    12:59   0:00   0:00 
Ryan Ellis               0  1  1  -1  2   2  0  3  0  1  0/0    25:10   3:39   1:43 
Ryan Reaves              0  2  2  -2  0   3  3  1  2  1  0/2    20:16   3:15   0:48 
Ryan Sproul              0  0  0  -1  0   1  0  1  0  2  0/0    20:05   3:21   1:25 
Zack Phillips            0  0  0   0  0   1  1  0  0  1  2/6    15:25   0:20   0:00 

3 Stars

1 - Sean Collins (LOW)
2 - Anton Belov (Peo)
3 - Pascal Pelletier (LOW)

Power Play

Devils - 1 on 3 Attempt(s) - 33.33%
Rivermen - 2 on 5 Attempt(s) - 40.00%

Penalty Kill

Devils - 3 on 5 Attempt(s) - 60.00% - Score 0 goal in Penalty Kill
Rivermen - 2 on 3 Attempt(s) - 66.67% - Score 0 goal in Penalty Kill

Official

Referees : Unknown
Linesman : Unknown

Game Notes

Chris Brown beats up Rod Pelley at 3:29 of 1st period
Tyler Bunz enters game at 2:10 of 2nd period
Rob Davison and Gabriel Beaupre fight to a draw at 2:34 of 3rd period

Finance

Level 1 -- Attendance: 1606 (80.30%) -- Ticket Income $44,968
Level 2 -- Attendance: 819 (81.90%) -- Ticket Income $8,190
Total Attendance: 2425 (80.83%)
Total Ticket Income: $53,158
Other Income: $26,047
Total Income: $79,205

Devils

5 vs 5 Forward 
   Center                   Left Wing                Right Wing               Time % Phy DF OF 
 1 Darroll Powe             Matthew Ford             Rod Pelley               35     1   2  2  
 2 Pascal Pelletier         Sean Collins             Brendan Shinnimin        30     1   2  2  
 3 Brendan Shinnimin        Jordan Martinook         Zach O'Brien             22     1   2  2  
 4 Darroll Powe             Rod Pelley               Sergey Andronov          13     1   2  2  

5 vs 5 Defense 
   Defense                  Defense                                           Time % Phy DF OF 
 1 Colin Miller             Chris Wideman                                     35     1   2  2  
 2 Scooter Vaughan          Braden Lamb                                       30     1   2  2  
 3 Gabriel Beaupre          Colin Miller                                      22     1   2  2  
 4 Colin Miller             Chris Wideman                                     13     1   2  2  

PowerPlay Forward 
   Center                   Left Wing                Right Wing               Time % Phy DF OF 
 1 Darroll Powe             Brendan Shinnimin        Rod Pelley               60     1   2  2  
 2 Pascal Pelletier         Sean Collins             Zach O'Brien             40     1   2  2  

PowerPlay Defense
   Defense                  Defense                                           Time % Phy DF OF 
 1 Colin Miller             Chris Wideman                                     60     1   2  2  
 2 Scooter Vaughan          Braden Lamb                                       40     1   2  2  

Penalty Kill 4 Players Forward 
   Center                   Wing                     Time % Phy DF OF 
 1 Brendan Shinnimin        Darroll Powe             60     1   2  2  
 2 Rod Pelley               Pascal Pelletier         40     1   2  2  

Penalty Kill 4 Players Defense
   Defense                  Defense                  Time % Phy DF OF 
 1 Colin Miller             Chris Wideman            60     1   2  2  
 2 Scooter Vaughan          Braden Lamb              40     1   2  2  

Penalty Kill - 3 Players Forward 
   Forward                                           Time % Phy DF OF 
 1 Rod Pelley                                        60     1   2  2  
 2 Darroll Powe                                      40     1   2  2  

Penalty Kill - 3 Players Defense
   Defense                  Defense                  Time % Phy DF OF 
 1 Colin Miller             Chris Wideman            60     1   2  2  
 2 Scooter Vaughan          Braden Lamb              40     1   2  2  

4 vs 4 Forward 
   Center                   Wing                     Time % Phy DF OF 
 1 Brendan Shinnimin        Darroll Powe             60     1   2  2  
 2 Rod Pelley               Pascal Pelletier         40     1   2  2  

4 vs 4 Defense
   Defense                  Defense                  Time % Phy DF OF 
 1 Colin Miller             Chris Wideman            60     1   2  2  
 2 Scooter Vaughan          Braden Lamb              40     1   2  2  

Last Minutes Offensive
   Center                   Left Wing                Right Wing               Defense                  Defense                  
   Darroll Powe             Pascal Pelletier         Rod Pelley               Colin Miller             Chris Wideman            

Last Minutes Defensive
   Center                   Left Wing                Right Wing               Defense                  Defense                  
   Darroll Powe             Pascal Pelletier         Rod Pelley               Colin Miller             Chris Wideman            

Goaltenders
Starting : Robert Mayer             
Backup : Devan Dubnyk             

Extra Forwards
Normal : Brendan Shinnimin, Zach O'Brien, Jordan Martinook - PP : Brendan Shinnimin, Zach O'Brien - PK : Jordan Martinook
Extra Defensemen
Normal : Gabriel Beaupre, Colin Miller, Scooter Vaughan - PP : Gabriel Beaupre - PK : Colin Miller, Scooter Vaughan
Penalty Shots
Jordan Martinook, Darroll Powe, Rod Pelley, Pascal Pelletier, Sean Collins

Rivermen

5 vs 5 Forward 
   Center                   Left Wing                Right Wing               Time % Phy DF OF 
 1 Brian Gibbons            J.T. Brown               Mark Stone               35     1   2  2  
 2 Joakim Nordstrom         Joe Whitney              Ryan Reaves              30     1   2  2  
 3 Zack Phillips            Jeremy Morin             Brian O'Neill            22     1   2  2  
 4 J.T. Brown               Chris Brown              Evan Rankin              13     1   2  2  

5 vs 5 Defense 
   Defense                  Defense                                           Time % Phy DF OF 
 1 Ryan Ellis               Corey Potter                                      35     1   2  2  
 2 Anton Belov              Ryan Sproul                                       30     1   2  2  
 3 Rob Davison              Cody Goloubef                                     22     1   2  2  
 4 Maxime Fortunus          Ryan Ellis                                        13     1   2  2  

PowerPlay Forward 
   Center                   Left Wing                Right Wing               Time % Phy DF OF 
 1 Brian Gibbons            J.T. Brown               Mark Stone               60     1   2  2  
 2 Joakim Nordstrom         Joe Whitney              Ryan Reaves              40     1   2  2  

PowerPlay Defense
   Defense                  Defense                                           Time % Phy DF OF 
 1 Ryan Ellis               Corey Potter                                      60     1   2  2  
 2 Anton Belov              Ryan Sproul                                       40     1   2  2  

Penalty Kill 4 Players Forward 
   Center                   Wing                     Time % Phy DF OF 
 1 J.T. Brown               Brian Gibbons            60     1   2  2  
 2 Mark Stone               Ryan Reaves              40     1   2  2  

Penalty Kill 4 Players Defense
   Defense                  Defense                  Time % Phy DF OF 
 1 Ryan Ellis               Corey Potter             60     1   2  2  
 2 Anton Belov              Ryan Sproul              40     1   2  2  

Penalty Kill - 3 Players Forward 
   Forward                                           Time % Phy DF OF 
 1 J.T. Brown                                        60     1   2  2  
 2 Brian Gibbons                                     40     1   2  2  

Penalty Kill - 3 Players Defense
   Defense                  Defense                  Time % Phy DF OF 
 1 Ryan Ellis               Corey Potter             60     1   2  2  
 2 Anton Belov              Ryan Sproul              40     1   2  2  

4 vs 4 Forward 
   Center                   Wing                     Time % Phy DF OF 
 1 J.T. Brown               Brian Gibbons            60     1   2  2  
 2 Mark Stone               Ryan Reaves              40     1   2  2  

4 vs 4 Defense
   Defense                  Defense                  Time % Phy DF OF 
 1 Ryan Ellis               Corey Potter             60     1   2  2  
 2 Anton Belov              Ryan Sproul              40     1   2  2  

Last Minutes Offensive
   Center                   Left Wing                Right Wing               Defense                  Defense                  
   Brian Gibbons            J.T. Brown               Mark Stone               Ryan Ellis               Corey Potter             

Last Minutes Defensive
   Center                   Left Wing                Right Wing               Defense                  Defense                  
   Brian Gibbons            J.T. Brown               Mark Stone               Ryan Ellis               Corey Potter             

Goaltenders
Starting : Farm Player87            
Backup : Tyler Bunz               

Extra Forwards
Normal : Zack Phillips, Jeremy Morin, Brian O'Neill - PP : Zack Phillips, Jeremy Morin - PK : Brian O'Neill
Extra Defensemen
Normal : Rob Davison, Cody Goloubef, Maxime Fortunus - PP : Rob Davison - PK : Cody Goloubef, Maxime Fortunus
Penalty Shots
J.T. Brown, Brian Gibbons, Mark Stone, Ryan Reaves, Joe Whitney

% Time on Ice - Devils

Lines # - Real PCT - Wanted PCT - Time Play
Normal Forward
1 - 36% - 35% - 17:30
2 - 29% - 30% - 14:26
3 - 19% - 22% - 9:26
4 - 16% - 13% - 7:37
Normal Defense
1 - 33% - 35% - 16:08
2 - 37% - 30% - 18:13
3 - 23% - 22% - 11:30
4 - 6% - 13% - 3:08
PP Forward
1 - 57% - 60% - 2:17
2 - 43% - 40% - 1:44
PP Defense
1 - 50% - 60% - 2:00
2 - 50% - 40% - 2:01
PK Forward
1 - 82% - 60% - 5:45
2 - 18% - 40% - 1:15
PK Defense
1 - 92% - 60% - 6:28
2 - 8% - 40% - 0:32
PK3 Forward
1 - 0% - 60%
2 - 0% - 40%
PK3 Defense
1 - 0% - 60%
2 - 0% - 40%
44 Forward
1 - 0% - 60%
2 - 0% - 40%
44 Defense
1 - 0% - 60%
2 - 0% - 40%
Last Minute Offensive  - 0:00
Last Minute Defensive  - 0:00
Total
Forward - 60:00
Defense - 60:00

% Time on Ice - Rivermen

Lines # - Real PCT - Wanted PCT - Time Play
Normal Forward
1 - 25% - 35% - 12:29
2 - 33% - 30% - 16:13
3 - 27% - 22% - 12:59
4 - 15% - 13% - 7:18
Normal Defense
1 - 31% - 35% - 15:02
2 - 31% - 30% - 15:19
3 - 28% - 22% - 13:51
4 - 10% - 13% - 4:47
PP Forward
1 - 54% - 60% - 3:45
2 - 46% - 40% - 3:15
PP Defense
1 - 52% - 60% - 3:39
2 - 48% - 40% - 3:21
PK Forward
1 - 80% - 60% - 3:13
2 - 20% - 40% - 0:48
PK Defense
1 - 65% - 60% - 2:36
2 - 35% - 40% - 1:25
PK3 Forward
1 - 0% - 60%
2 - 0% - 40%
PK3 Defense
1 - 0% - 60%
2 - 0% - 40%
44 Forward
1 - 0% - 60%
2 - 0% - 40%
44 Defense
1 - 0% - 60%
2 - 0% - 40%
Last Minute Offensive  - 0:00
Last Minute Defensive  - 0:00
Total
Forward - 60:00
Defense - 60:00

Play by Play

1st period


0:01 of 1st period - Darroll Powe wins face-off versus Brian Gibbons in neutral zone.
0:08 of 1st period - Wrist shot by Matthew Ford.
0:08 of 1st period - Deflect By Rod Pelley.
0:08 of 1st period - Goal by Rod Pelley - Devils : 1 - Rivermen : 0.
0:09 of 1st period - Pascal Pelletier wins face-off versus Joakim Nordstrom in neutral zone.
0:47 of 1st period - Wrist shot by Sean Collins.
0:47 of 1st period - Goal by Sean Collins - Devils : 2 - Rivermen : 0.
0:48 of 1st period - Zack Phillips wins face-off versus Darroll Powe in neutral zone.
1:06 of 1st period - Off-side.
1:07 of 1st period - Darroll Powe wins face-off versus Zack Phillips in neutral zone.
2:02 of 1st period - J.T. Brown is hit by Brendan Shinnimin and loses puck.
2:49 of 1st period - Slapshot by Corey Potter.
2:49 of 1st period - Shot Misses the Net.
2:51 of 1st period - Slapshot by Corey Potter.
2:51 of 1st period - Deflect By Joakim Nordstrom.
2:51 of 1st period - Shot Blocked by Braden Lamb.
2:51 of 1st period - Puck is out of play.
2:52 of 1st period - Rod Pelley wins face-off versus J.T. Brown in Devils zone.
3:01 of 1st period - Snap shot by Chris Brown.
3:01 of 1st period - Stopped by Robert Mayer with a rebound.
3:07 of 1st period - Slapshot by Anton Belov.
3:07 of 1st period - Stopped by Robert Mayer without a rebound.
3:08 of 1st period - J.T. Brown wins face-off versus Darroll Powe in Devils zone.
3:13 of 1st period - Snap shot by Chris Brown.
3:13 of 1st period - Shot Blocked by Colin Miller.
3:15 of 1st period - Slapshot by Ryan Sproul.
3:15 of 1st period - Stopped by Robert Mayer with a rebound.
3:27 of 1st period - Evan Rankin is hit by Sergey Andronov and loses puck.
3:29 of 1st period - Chris Brown beats up Rod Pelley.
3:29 of 1st period - Penalty to Chris Brown for Fighting.
3:29 of 1st period - Penalty to Rod Pelley for Fighting.
3:29 of 1st period - Penalty to Chris Brown for instigated a fight.
3:29 of 1st period - Penalty to Chris Brown for instigated a fight.
3:30 of 1st period - Pascal Pelletier wins face-off versus J.T. Brown in Rivermen zone.
3:41 of 1st period - Slapshot by Zach O'Brien.
3:41 of 1st period - Shot Blocked by Corey Potter.
4:41 of 1st period - Snap shot by Darroll Powe.
4:41 of 1st period - Shot Blocked by Brian Gibbons.
5:08 of 1st period - Chris Wideman is hit by Ryan Reaves and loses puck.
5:29 of 1st period - Penalty to Chris Brown is over, Evan Rankin is send on ice.
6:13 of 1st period - Snap shot by Brian O'Neill.
6:13 of 1st period - Shot Misses the Net.
6:19 of 1st period - Wrist shot by Zack Phillips.
6:19 of 1st period - Stopped by Robert Mayer without a rebound.
6:20 of 1st period - Jordan Martinook wins face-off versus Joakim Nordstrom in Devils zone.
6:20 of 1st period - Jordan Martinook is hit by Ryan Reaves.
6:26 of 1st period - Joe Whitney is hit by Chris Wideman and loses puck.
6:37 of 1st period - Slapshot by Matthew Ford.
6:37 of 1st period - Goal by Matthew Ford - Devils : 3 - Rivermen : 0.
6:38 of 1st period - Pascal Pelletier wins face-off versus Joakim Nordstrom in neutral zone.
6:51 of 1st period - Backhand shot by Brendan Shinnimin.
6:51 of 1st period - Deflect By Anton Belov.
6:51 of 1st period - Shot Misses the Net.
6:51 of 1st period - Puck is out of play.
6:52 of 1st period - Brendan Shinnimin wins face-off versus Joakim Nordstrom in Rivermen zone.
7:03 of 1st period - Snap shot by Pascal Pelletier.
7:03 of 1st period - Shot Blocked by Ryan Reaves.
8:42 of 1st period - Minor Penalty to Rod Pelley for Slashing.
8:43 of 1st period - Jordan Martinook wins face-off versus Joakim Nordstrom in Devils zone.
9:00 of 1st period - Snap shot by Ryan Reaves.
9:00 of 1st period - Stopped by Robert Mayer with a rebound.
9:02 of 1st period - Wrist shot by Joe Whitney.
9:02 of 1st period - Shot Misses the Net.
9:04 of 1st period - Snap shot by Anton Belov.
9:04 of 1st period - Goal by Anton Belov - Devils : 3 - Rivermen : 1.
9:05 of 1st period - Brian Gibbons wins face-off versus Rod Pelley in neutral zone.
9:10 of 1st period - Snap shot by Brian Gibbons.
9:10 of 1st period - Stopped by Robert Mayer with a rebound.
9:16 of 1st period - Snap shot by Mark Stone.
9:16 of 1st period - Shot Misses the Net.
9:18 of 1st period - Snap shot by Mark Stone.
9:18 of 1st period - Stopped by Robert Mayer with a rebound.
9:56 of 1st period - Slapshot by Anton Belov.
9:56 of 1st period - Stopped by Robert Mayer without a rebound.
9:57 of 1st period - Brendan Shinnimin wins face-off versus Joakim Nordstrom in Devils zone.
10:02 of 1st period - Snap shot by Joakim Nordstrom.
10:02 of 1st period - Shot Blocked by Jordan Martinook.
10:04 of 1st period - Slapshot by Anton Belov.
10:04 of 1st period - Stopped by Robert Mayer without a rebound.
10:05 of 1st period - Brendan Shinnimin wins face-off versus Ryan Reaves in Devils zone.
10:34 of 1st period - Backhand shot by Anton Belov.
10:34 of 1st period - Stopped by Robert Mayer with a rebound.
10:36 of 1st period - Slapshot by Ryan Reaves.
10:36 of 1st period - Stopped by Robert Mayer with a rebound.
10:38 of 1st period - Wrist shot by Joakim Nordstrom.
10:38 of 1st period - Stopped by Robert Mayer with a rebound.
10:40 of 1st period - Wrist shot by Anton Belov.
10:40 of 1st period - Stopped by Robert Mayer with a rebound.
11:24 of 1st period - Snap shot by Darroll Powe.
11:24 of 1st period - Shot Misses the Net.
11:59 of 1st period - Minor Penalty to Pascal Pelletier for Interference.
12:00 of 1st period - Brendan Shinnimin wins face-off versus Ryan Reaves in Devils zone.
12:26 of 1st period - Snap shot by Joakim Nordstrom.
12:26 of 1st period - Shot Misses the Net.
12:48 of 1st period - Slapshot by Anton Belov.
12:48 of 1st period - Stopped by Robert Mayer with a rebound.
12:50 of 1st period - Slapshot by Anton Belov.
12:50 of 1st period - Shot Misses the Net.
13:59 of 1st period - Penalty to Pascal Pelletier is over, Pascal Pelletier is back on ice.
14:25 of 1st period - Icing by Chris Wideman.
14:26 of 1st period - Brendan Shinnimin wins face-off versus J.T. Brown in Devils zone.
14:26 of 1st period - Brendan Shinnimin is hit by Zack Phillips.
15:39 of 1st period - Icing by Pascal Pelletier.
15:40 of 1st period - J.T. Brown wins face-off versus Pascal Pelletier in Devils zone.
16:09 of 1st period - Brian Gibbons is hit by Gabriel Beaupre and loses puck.
17:27 of 1st period - Slapshot by Ryan Ellis.
17:27 of 1st period - Deflect By Pascal Pelletier.
17:27 of 1st period - Stopped by Robert Mayer without a rebound.
17:28 of 1st period - Brian O'Neill wins face-off versus Darroll Powe in Devils zone.
17:35 of 1st period - Slapshot by Ryan Ellis.
17:35 of 1st period - Deflect By Joe Whitney.
17:35 of 1st period - Stopped by Robert Mayer without a rebound.
17:36 of 1st period - Brian Gibbons wins face-off versus Matthew Ford in Devils zone.
18:29 of 1st period - 10 Minutes Misconduct Penalty to Chris Brown is over.
19:45 of 1st period - Jordan Martinook is hit by Anton Belov and loses puck.
Goals for this period are 3 for Devils vs 1 for Rivermen.
Shots for this period are 3 for Devils vs 17 for Rivermen.

2nd period


0:01 of 2nd period - Darroll Powe wins face-off versus Brian Gibbons in neutral zone.
2:06 of 2nd period - Snap shot by Rod Pelley.
2:06 of 2nd period - Shot Misses the Net.
2:08 of 2nd period - Snap shot by Darroll Powe.
2:08 of 2nd period - Shot Misses the Net.
2:10 of 2nd period - Wrist shot by Darroll Powe.
2:10 of 2nd period - Goal by Darroll Powe - Devils : 4 - Rivermen : 1.
2:10 of 2nd period - Tyler Bunz enters game.
2:11 of 2nd period - Brian Gibbons wins face-off versus Darroll Powe in neutral zone.
2:43 of 2nd period - Rod Pelley is hit by Corey Potter and loses puck.
3:09 of 2nd period - Wrist shot by Anton Belov.
3:09 of 2nd period - Deflect By Joakim Nordstrom.
3:09 of 2nd period - Shot Misses the Net.
3:09 of 2nd period - Puck is out of play.
3:10 of 2nd period - Joakim Nordstrom wins face-off versus Pascal Pelletier in Devils zone.
3:36 of 2nd period - Icing by Scooter Vaughan.
3:37 of 2nd period - Brendan Shinnimin wins face-off versus Zack Phillips in Devils zone.
3:47 of 2nd period - Snap shot by Sean Collins.
3:47 of 2nd period - Stopped by Tyler Bunz with a rebound.
4:31 of 2nd period - Rod Pelley is hit by Brian Gibbons and loses puck.
4:54 of 2nd period - Colin Miller is hit by Maxime Fortunus and loses puck.
6:32 of 2nd period - Wrist shot by Zach O'Brien.
6:32 of 2nd period - Shot Misses the Net.
6:44 of 2nd period - Zack Phillips is hit by Scooter Vaughan and loses puck.
7:42 of 2nd period - Snap shot by Matthew Ford.
7:42 of 2nd period - Shot Hit the Post.
8:04 of 2nd period - Snap shot by Mark Stone.
8:04 of 2nd period - Shot Blocked by Matthew Ford.
8:06 of 2nd period - Snap shot by Mark Stone.
8:06 of 2nd period - Stopped by Robert Mayer without a rebound.
8:07 of 2nd period - Pascal Pelletier wins face-off versus Brian Gibbons in Devils zone.
8:09 of 2nd period - Icing by Sean Collins.
8:10 of 2nd period - Pascal Pelletier wins face-off versus Brian Gibbons in Devils zone.
8:15 of 2nd period - Snap shot by Sean Collins.
8:15 of 2nd period - Shot Blocked by Ryan Ellis.
8:17 of 2nd period - Snap shot by Pascal Pelletier.
8:17 of 2nd period - Goal by Pascal Pelletier - Devils : 5 - Rivermen : 1.
8:18 of 2nd period - Zack Phillips wins face-off versus Darroll Powe in neutral zone.
8:25 of 2nd period - Slapshot by Corey Potter.
8:25 of 2nd period - Shot Blocked by Scooter Vaughan.
8:47 of 2nd period - Wrist shot by Jeremy Morin.
8:47 of 2nd period - Goal by Jeremy Morin - Devils : 5 - Rivermen : 2.
8:48 of 2nd period - Brian Gibbons wins face-off versus Brendan Shinnimin in neutral zone.
9:57 of 2nd period - Snap shot by Ryan Reaves.
9:57 of 2nd period - Stopped by Robert Mayer with a rebound.
10:41 of 2nd period - Snap shot by Jeremy Morin.
10:41 of 2nd period - Stopped by Robert Mayer with a rebound.
11:23 of 2nd period - Sean Collins is hit by J.T. Brown and loses puck.
12:29 of 2nd period - Zach O'Brien is hit by Jeremy Morin and loses puck.
12:40 of 2nd period - Matthew Ford is hit by Anton Belov and loses puck.
12:59 of 2nd period - Sean Collins is hit by Joe Whitney.
13:07 of 2nd period - Sean Collins is hit by Anton Belov and loses puck.
13:20 of 2nd period - Wrist shot by Brian Gibbons.
13:20 of 2nd period - Shot Misses the Net.
13:22 of 2nd period - Wrist shot by Brian Gibbons.
13:22 of 2nd period - Shot Blocked by Pascal Pelletier.
13:37 of 2nd period - Icing by Chris Wideman.
13:38 of 2nd period - Jordan Martinook wins face-off versus Zack Phillips in Devils zone.
13:49 of 2nd period - Rob Davison is hit by Rod Pelley and loses puck.
14:12 of 2nd period - Snap shot by Matthew Ford.
14:12 of 2nd period - Stopped by Tyler Bunz without a rebound.
14:13 of 2nd period - Zach O'Brien wins face-off versus Joakim Nordstrom in Rivermen zone.
14:26 of 2nd period - Wrist shot by Sergey Andronov.
14:26 of 2nd period - Shot Blocked by Ryan Ellis.
14:28 of 2nd period - Wrist shot by Scooter Vaughan.
14:28 of 2nd period - Shot Misses the Net.
17:12 of 2nd period - Minor Penalty to Chris Wideman for Hooking.
17:13 of 2nd period - Brian Gibbons wins face-off versus Brendan Shinnimin in Devils zone.
17:26 of 2nd period - Wrist shot by Brian Gibbons.
17:26 of 2nd period - Stopped by Robert Mayer with a rebound.
18:37 of 2nd period - Colin Miller is hit by Joe Whitney.
18:46 of 2nd period - Gabriel Beaupre is hit by Ryan Reaves.
19:10 of 2nd period - Slapshot by Anton Belov.
19:10 of 2nd period - Stopped by Robert Mayer without a rebound.
19:11 of 2nd period - Pascal Pelletier wins face-off versus Zack Phillips in Devils zone.
19:11 of 2nd period - Pascal Pelletier is hit by Anton Belov.
19:12 of 2nd period - Penalty to Chris Wideman is over, Chris Wideman is back on ice.
19:38 of 2nd period - Jeremy Morin is hit by Zach O'Brien and loses puck.
Goals for this period are 2 for Devils vs 1 for Rivermen.
Shots for this period are 4 for Devils vs 6 for Rivermen.

3rd period


0:01 of 3rd period - J.T. Brown wins face-off versus Matthew Ford in neutral zone.
1:00 of 3rd period - Brendan Shinnimin is hit by Joakim Nordstrom and loses puck.
1:13 of 3rd period - Wrist shot by Pascal Pelletier.
1:13 of 3rd period - Shot Misses the Net.
1:40 of 3rd period - Wrist shot by Jeremy Morin.
1:40 of 3rd period - Stopped by Robert Mayer with a rebound.
1:52 of 3rd period - Wrist shot by Jeremy Morin.
1:52 of 3rd period - Shot Misses the Net.
2:00 of 3rd period - Wrist shot by Jeremy Morin.
2:00 of 3rd period - Stopped by Robert Mayer without a rebound.
2:01 of 3rd period - Darroll Powe wins face-off versus Chris Brown in Devils zone.
2:21 of 3rd period - Snap shot by Chris Brown.
2:21 of 3rd period - Shot Misses the Net.
2:34 of 3rd period - Rob Davison and Gabriel Beaupre fight to a draw.
2:34 of 3rd period - Penalty to Rob Davison for Fighting.
2:34 of 3rd period - Penalty to Gabriel Beaupre for Fighting.
2:35 of 3rd period - Darroll Powe wins face-off versus Joakim Nordstrom in Devils zone.
2:42 of 3rd period - Wrist shot by Joakim Nordstrom.
2:42 of 3rd period - Shot Misses the Net.
3:00 of 3rd period - Wrist shot by Joakim Nordstrom.
3:00 of 3rd period - Stopped by Robert Mayer with a rebound.
3:02 of 3rd period - Slapshot by Ryan Sproul.
3:02 of 3rd period - Shot Blocked by Chris Wideman.
3:30 of 3rd period - Wrist shot by Pascal Pelletier.
3:30 of 3rd period - Shot Misses the Net.
3:32 of 3rd period - Slapshot by Brendan Shinnimin.
3:32 of 3rd period - Stopped by Tyler Bunz with a rebound.
3:44 of 3rd period - Brian Gibbons is hit by Sean Collins and loses puck.
3:55 of 3rd period - Sean Collins is hit by Mark Stone and loses puck.
4:22 of 3rd period - Ryan Ellis is hit by Brendan Shinnimin.
4:43 of 3rd period - Off-side.
4:44 of 3rd period - Joakim Nordstrom wins face-off versus Rod Pelley in neutral zone.
5:01 of 3rd period - Slapshot by Darroll Powe.
5:01 of 3rd period - Stopped by Tyler Bunz with a rebound.
5:03 of 3rd period - Snap shot by Rod Pelley.
5:03 of 3rd period - Shot Hit the Post.
5:05 of 3rd period - Snap shot by Darroll Powe.
5:05 of 3rd period - Shot Blocked by Cody Goloubef.
5:33 of 3rd period - Minor Penalty to Darroll Powe for Interference.
5:34 of 3rd period - Brendan Shinnimin wins face-off versus Brian Gibbons in Devils zone.
5:34 of 3rd period - Brendan Shinnimin is hit by Corey Potter.
5:57 of 3rd period - Wrist shot by Brian Gibbons.
5:57 of 3rd period - Shot Misses the Net.
6:04 of 3rd period - Off-side.
6:05 of 3rd period - Joakim Nordstrom wins face-off versus Jordan Martinook in neutral zone.
6:12 of 3rd period - Wrist shot by Ryan Reaves.
6:12 of 3rd period - Shot Misses the Net.
6:14 of 3rd period - Slapshot by Anton Belov.
6:14 of 3rd period - Goal by Anton Belov - Devils : 5 - Rivermen : 3.
6:15 of 3rd period - Joakim Nordstrom wins face-off versus Darroll Powe in neutral zone.
7:01 of 3rd period - Minor Penalty to Chris Wideman for Roughing.
7:02 of 3rd period - Brendan Shinnimin wins face-off versus Brian Gibbons in Devils zone.
7:34 of 3rd period - Penalty to Gabriel Beaupre is over, Gabriel Beaupre is back on ice.
7:54 of 3rd period - Snap shot by Darroll Powe.
7:54 of 3rd period - Stopped by Tyler Bunz with a rebound.
8:27 of 3rd period - Off-side.
8:28 of 3rd period - Joe Whitney wins face-off versus Brendan Shinnimin in neutral zone.
8:33 of 3rd period - Wrist shot by Joakim Nordstrom.
8:33 of 3rd period - Shot Misses the Net.
9:01 of 3rd period - Penalty to Chris Wideman is over, Chris Wideman is back on ice.
9:01 of 3rd period - Mark Stone is hit by Chris Wideman and loses puck.
9:34 of 3rd period - Wrist shot by Pascal Pelletier.
9:34 of 3rd period - Shot Misses the Net.
9:36 of 3rd period - Slapshot by Pascal Pelletier.
9:36 of 3rd period - Shot Misses the Net.
9:38 of 3rd period - Slapshot by Zach O'Brien.
9:38 of 3rd period - Deflect By Brian O'Neill.
9:38 of 3rd period - Shot Misses the Net.
9:38 of 3rd period - Puck is out of play.
9:39 of 3rd period - Zach O'Brien wins face-off versus Chris Brown in Rivermen zone.
9:44 of 3rd period - Snap shot by Matthew Ford.
9:44 of 3rd period - Shot Misses the Net.
10:10 of 3rd period - Snap shot by Rod Pelley.
10:10 of 3rd period - Shot Misses the Net.
10:32 of 3rd period - Brian O'Neill is hit by Brendan Shinnimin and loses puck.
11:12 of 3rd period - Wrist shot by Zach O'Brien.
11:12 of 3rd period - Shot Misses the Net.
11:31 of 3rd period - Off-side.
11:32 of 3rd period - Pascal Pelletier wins face-off versus J.T. Brown in neutral zone.
11:38 of 3rd period - Minor Penalty to Rob Davison for Tripping.
11:39 of 3rd period - Sean Collins wins face-off versus J.T. Brown in Rivermen zone.
11:39 of 3rd period - Slapshot by Pascal Pelletier.
11:39 of 3rd period - Shot Misses the Net.
11:41 of 3rd period - Wrist shot by Chris Wideman.
11:41 of 3rd period - Goal by Chris Wideman - Devils : 6 - Rivermen : 3.
11:42 of 3rd period - Matthew Ford wins face-off versus Joakim Nordstrom in neutral zone.
11:49 of 3rd period - Snap shot by Rod Pelley.
11:49 of 3rd period - Shot Misses the Net.
11:51 of 3rd period - Slapshot by Chris Wideman.
11:51 of 3rd period - Shot Hit the Post.
11:57 of 3rd period - Wrist shot by Matthew Ford.
11:57 of 3rd period - Shot Misses the Net.
11:59 of 3rd period - Wrist shot by Darroll Powe.
11:59 of 3rd period - Stopped by Tyler Bunz with a rebound.
12:01 of 3rd period - Snap shot by Rod Pelley.
12:01 of 3rd period - Shot Blocked by Corey Potter.
12:03 of 3rd period - Wrist shot by Rod Pelley.
12:03 of 3rd period - Shot Blocked by Ryan Ellis.
12:21 of 3rd period - Scooter Vaughan is hit by Joakim Nordstrom and loses puck.
12:36 of 3rd period - Minor Penalty to Ryan Ellis for Cross-checking.
12:37 of 3rd period - J.T. Brown wins face-off versus Pascal Pelletier in Rivermen zone.
12:45 of 3rd period - Slapshot by Pascal Pelletier.
12:45 of 3rd period - Stopped by Tyler Bunz with a rebound.
12:47 of 3rd period - Backhand shot by Colin Miller.
12:47 of 3rd period - Shot Blocked by Ryan Sproul.
14:26 of 3rd period - Snap shot by Joe Whitney.
14:26 of 3rd period - Stopped by Robert Mayer with a rebound.
14:28 of 3rd period - Slapshot by Corey Potter.
14:28 of 3rd period - Deflect By Darroll Powe.
14:28 of 3rd period - Stopped by Robert Mayer with a rebound.
14:36 of 3rd period - Penalty to Ryan Ellis is over, Ryan Ellis is back on ice.
14:54 of 3rd period - Scooter Vaughan is hit by Joe Whitney and loses puck.
16:22 of 3rd period - Snap shot by Joakim Nordstrom.
16:22 of 3rd period - Stopped by Robert Mayer with a rebound.
16:51 of 3rd period - Slapshot by Chris Brown.
16:51 of 3rd period - Shot Misses the Net.
16:53 of 3rd period - Slapshot by Rob Davison.
16:53 of 3rd period - Stopped by Robert Mayer with a rebound.
17:53 of 3rd period - Wrist shot by Chris Brown.
17:53 of 3rd period - Shot Misses the Net.
18:19 of 3rd period - Slapshot by Ryan Ellis.
18:19 of 3rd period - Stopped by Robert Mayer with a rebound.
18:21 of 3rd period - Snap shot by Joakim Nordstrom.
18:21 of 3rd period - Stopped by Robert Mayer with a rebound.
18:23 of 3rd period - Slapshot by Joakim Nordstrom.
18:23 of 3rd period - Stopped by Robert Mayer with a rebound.
19:44 of 3rd period - Off-side.
19:45 of 3rd period - Pascal Pelletier wins face-off versus Brian Gibbons in neutral zone.
19:54 of 3rd period - Cody Goloubef is hit by Jordan Martinook and loses puck.
Goals for this period are 1 for Devils vs 1 for Rivermen.
Shots for this period are 6 for Devils vs 11 for Rivermen.


Output by the SimonT Hockey Simulator (STHS) for Eric Dolegowski -- Original Page W3C XHTML 1.0 Valid
Hockey Simulator - Hockey Simulation - Hockey Manager